 Dungeon Crawl Stone Soup version 0.30-a0-567-gf7fd966b4a (webtiles) character file.

Game seed: 6765784921024432163

100 Dirtsage the Changer (level 4, -1/28 HPs)
             Began as an Octopode Transmuter on Dec 28, 2022.
             Slain by an adder (3 damage)
             ... on level 3 of the Dungeon.
             The game lasted 00:05:06 (1862 turns).

Dirtsage the Changer (Octopode Transmuter)          Turns: 1862, Time: 00:05:07

Health: -1/28      AC:  1    Str:  9    XL:     4   Next: 73%
Magic:  7/7        EV: 13    Int: 17    God:
Gold:   111        SH:  0    Dex: 12    Spells: 1/7 levels left

rFire   . . .      SeeInvis .      - Unarmed
rCold   . . .      Faith    .    (no shield)
rNeg    . . .      Spirit   .    (helmet restricted)
rPois   .          Reflect  .    (no amulet)
rElec   .          Harm     .    (no ring)
rCorr   .          Rampage  .    (no ring)
Will    .....                    (no ring)
Stlth   ++                       (no ring)
HPRegen 0.24/turn                (no ring)
MPRegen 0.10/turn                (no ring)
                                 (no ring)
                                 (no ring)

@: no status effects
A: almost no armour, amphibious, 8 rings, camouflage 1, gelatinous body 1,
(nimble swimmer 1), tentacles
a: no special abilities


You were on level 3 of the Dungeon.
You visited 1 branch of the dungeon, and saw 3 of its levels.

You collected 111 gold pieces.

Inventory:

Scrolls
 d - 3 scrolls of identify {unknown}
 e - 3 scrolls of teleportation {unknown}
 f - a scroll of noise {unknown}
 g - 2 scrolls of enchant weapon {unknown}
 j - a scroll of summoning {unknown}
 m - a scroll of poison {unknown}
 n - a scroll of vulnerability {unknown}
Potions
 a - a potion of lignification
 b - a potion of mutation {unknown}
 c - a potion of flight {unknown}
 h - 2 potions of haste {unknown}
 i - 2 potions of ambrosia
 k - 2 potions of berserk rage {unknown}
 l - 2 potions of curing {unknown}


   Skills:
 - Level 1.0 Fighting
 - Level 2.0 Dodging
 - Level 3.0 Unarmed Combat
 - Level 2.0 Spellcasting
 * Level 3.4 Transmutations
 + Level 1.2 Ice Magic
 * Level 3.1 Poison Magic


You had one spell level left.
You knew the following spells:

 Your Spells              Type           Power      Damage    Failure   Level
a - Beastly Appendage     Tmut           26%        N/A       4%          1
b - Wereblood             Tmut           13%        N/A       7%          2
c - Spider Form           Tmut/Pois      12%        N/A       16%         3

Your spell library contained the following spells:

 Spells                   Type           Power      Damage    Failure   Level
 Sublimation of Blood     Necr           1%         N/A       28%         2
 Ice Form                 Ice/Tmut       9%         N/A       58%         4
 Summon Hydra             Summ           0%         N/A       100%        7


Dungeon Overview and Level Annotations

Branches:
Dungeon (3/15)

Altars:


Innate Abilities, Weirdness & Mutations

You cannot wear most types of armour.
You are amphibious.
You can wear up to eight rings at the same time.
Your skin changes colour to match your surroundings (Stealth+).
Your rubbery body absorbs attacks. (AC +1, EV +1)
((You are camouflaged when in or above water. (Stealth+)))
You have tentacles for arms and can constrict up to eight enemies at once.


Message History

* * * LOW HITPOINT WARNING * * *
You bump into the rock wall.
A ball python comes into view.
You hear some strange, mumbled words.
You are more confused.
You regained 3 hp, and now have 11/28 hp.
You closely miss something. Something hits you.
You regained 3 hp, and now have 14/28 hp.
You bump into the rock wall.
Something hits you but does no damage.
You regained 5 hp, and now have 19/28 hp.
You barely miss something. Something hits you.
You regained 2 hp, and now have 21/28 hp.
You bump into the rock wall.
Something completely misses you.
You regained 5 hp, and now have 26/28 hp.
Your transformation has ended.
You feel less invigorated.
Health restored: 28 You're too confused to cast spells.
You aren't wearing anything.
You bump into the rock wall.
Something hits you.
You take 2 damage, and have 26/28 hp.
You bump into the rock wall.
Something hits you.
You take 2 damage, and have 24/28 hp.
You bump into the rock wall.
The kobold misses you. Something hits you.
You take 4 damage, and have 20/28 hp.
You're too confused to move!
The adder bites you. The kobold closely misses you. Something hits you.
The adder closely misses you.
You take 6 damage, and have 14/28 hp.
MASSIVE DAMAGE!!
You barely miss something.
Your tentacle-slap misses something.
Your squeeze misses something.
You feel less confused.
The kobold hits you with a +0 short sword.
You hear some strange, mumbled words.
A puff of flame appears from out of thin air!
The puff of flame hits you!
* * * LOW HITPOINT WARNING * * *
The adder bites you but does no damage. The adder attacks as you move away!
The adder bites you.
You die...

#.................#K
#........†.........
.[................
####.###...#####)#
.....#.......# #)#
######.......# #.#
#.......###S###.#..
###.......S{K......
######...#####@###.##.
#...........##.#
#........##.##.###
#.............[..#
#......#.......#.#
#.......##.#.####.#
#....##.##......#.##
#...# #.####.......#
##.# #.####.##.#..#


You could see an adder, a ball python and a kobold.

Vanquished Creatures
  Jessica (D:2)
  An orc wizard (D:3)
  A dart slug (D:2)
  3 orcs (D:3)
  5 ball pythons
  4 bats
  3 endoplasms
  4 giant cockroaches
  4 goblins
  6 hobgoblins
  4 kobolds
  5 quokkas
  3 frilled lizards
  3 rats
47 creatures vanquished.

Notes
Turn   | Place    | Note
-------+----------+-------------------------------------------
     0 | D:1      | Dirtsage the Octopode Transmuter began the quest for the
                  | Orb.
     0 | D:1      | Reached XP level 1. HP: 13/13 MP: 3/3
   135 | D:1      | Reached skill level 1 in Poison Magic
   178 | D:1      | Reached XP level 2. HP: 16/18 MP: 5/5
   297 | D:1      | Learned a level 2 spell: Wereblood
   716 | D:1      | Reached XP level 3. HP: 18/23 MP: 4/6
   821 | D:1      | Learned a level 3 spell: Spider Form
  1038 | D:2      | Found a faded altar of an unknown god.
  1171 | D:2      | Noticed Jessica
  1183 | D:2      | Killed Jessica
  1184 | D:2      | Reached skill level 1 in Ice Magic
  1184 | D:2      | Reached XP level 4. HP: 28/28 MP: 4/7
  1843 | D:3      | HP: 1/28 [something/puff of flame (14)]
  1862 | D:3      | Slain by an adder

Illustrated notes

Levels and vault maps discovered:
D:1:      minmay_arrival_solitary_statue, layout_loops_ring,
          grunt_decor_junction
D:2:      layout_loops_cross, chequers_ecumenical_altar_simple_redux,
          minmay_misc_feat_cross, uniq_jessica
D:3:      layout_loops_cross, minmay_hedge_maze

Skill      XL: |  1  2  3  4 |
---------------+-------------+-----
Poison Magic   | 1 2 3 |  3.1
Transmutations | 3 |  3.4
Ice Magic      | 1 |  1.2
Fighting       | |  1.0
Dodging        | |  2.0
Unarmed Combat | |  3.0
Spellcasting   | |  2.0

Action                   |  1- 3 |  4- 6 || total
-------------------------+-------+-------++-------
Melee: Unarmed           |    67 |    40 ||   107
       Constrict         |    21 |     8 ||    29
       Tentacles         |    10 |     9 ||    19
       Kick              |     7 |     3 ||    10
       Punch             |       |     1 ||     1
 Cast: Beastly Appendage |    10 |     6 ||    16
       Spider Form       |     1 |     1 ||     2
  Use: Potion            |       |     1 ||     1
 Stab: Sleeping          |     8 |     4 ||    12
Armor: Skin              |     5 |     5 ||    10
Dodge: Dodged            |    32 |    21 ||    53

Table legend: (Time is in decaauts)
 A = Elapsed time spent in this place.
 B = Non-inter-level travel time spent in this place.
 C = Inter-level travel time spent in this place.
 D = Time resting spent in this place.
 E = Time spent auto-exploring this place.
 F = Levels seen in this place.
 G = Mean time per level.
                   A        B        C        D        E       F      G
               +--------+--------+--------+--------+--------+-----+--------+
         Total |   1856 |   1807 |     49 |      0 |   1429 |   3 |  618.7 |
       Dungeon |   1856 |   1807 |     49 |      0 |   1429 |   3 |  618.7 |
               +--------+--------+--------+--------+--------+-----+--------+

Top non-repeatable levels by time:
     D:1: 839 daAuts
     D:2: 745 daAuts
     D:3: 271 daAuts
